 Dungeon Crawl Stone Soup version 0.24-a0-497-g5a03d68 (webtiles) character file.

Game seed: 9947937471131832599

30 Espgualade the Chiller (level 3, 0/19 HPs)
             Began as a Tengu Ice Elementalist on July 13, 2019.
             Slain by a leopard gecko (4 damage)
             ... on level 2 of the Dungeon.
             The game lasted 00:02:11 (1074 turns).

Espgualade the Chiller (Tengu Ice Elementalist)     Turns: 1074, Time: 00:02:11

Health: 0/19       AC:  4    Str:  8    XL:     3   Next: 20%
Magic:  7/7        EV: 15    Int: 16    God:
Gold:   71         SH:  0    Dex: 14    Spells: 3/6 levels left

rFire    . . .     SeeInvis .   b - +0 mace
rCold    . . .     Gourm    .   (no shield)
rNeg     . . .     Faith    .   a - +0 robe
rPois    .         Spirit   .   e - +2 hat
rElec    .         Reflect  .   (no cloak)
rCorr    .         Harm     .   (no gloves)
MR       .....                  (boots unavailable)
Stlth    ++........             (no amulet)
HPRegen  0.06/turn              (no ring)
MPRegen  0.10/turn              (no ring)

@: flying quickly and evasively, quick
A: beak, talons 3
a: no special abilities


You were on level 2 of the Dungeon.
You were not hungry.

You visited 1 branch of the dungeon, and saw 2 of its levels.

You collected 71 gold pieces.

Inventory:

Hand Weapons
 b - a +0 mace (weapon)
 d - a +0 short sword of speed
Armour
 a - a +0 robe (worn)
 e - a +2 hat (worn)
Scrolls
 f - a scroll of amnesia {unknown}
 g - a scroll of teleportation {unknown}
 h - 5 scrolls of remove curse {unknown}
 i - 2 scrolls of identify {unknown}
 j - a scroll of enchant weapon {unknown}
Potions
 k - a potion of magic
Comestibles
 c - 2 rations


   Skills:
 - Level 2.1 Dodging
 - Level 2.0 Stealth
 - Level 2.0 Spellcasting
 - Level 1.3 Conjurations
 + Level 3.8 Ice Magic


You had 3 spell levels left.
You knew the following spells:

 Your Spells              Type           Power        Failure   Level  Hunger
a - Freeze                Ice            ##..         4%          1    #......
b - Throw Frost           Conj/Ice       ##....       11%         2    ###....

Your spell library contained the following spells:

 Spells                   Type           Power        Failure   Level  Hunger
 Ozocubu's Armour         Chrm/Ice       #.......     28%         3    ###....
 Throw Icicle             Conj/Ice       ##......     56%         4    #####..
 Summon Ice Beast         Ice/Summ       #.......     67%         4    #####..


Dungeon Overview and Level Annotations

Branches:
Dungeon (2/15)

Altars:
Xom


Innate Abilities, Weirdness & Mutations

You have a beak for a mouth.
You have claws for feet.


Message History

You kill the hobgoblin!
You start resting.
Magic restored.
You start resting.
Your magical contamination has completely faded away.
You start resting.
The dart slug is too close now for your liking.
Found an escape hatch in the floor.
You see here a scroll labeled VENUTW XUIBBIB.
A leopard gecko comes into view.
The dart slug launches a dart at you. The slug dart hits you.
* * * LOW HITPOINT WARNING * * *
It was a potion of magic.
Magic courses through your body.
It was a potion of flight.
You feel very buoyant.
You swoop lightly up into the air.
The leopard gecko hisses angrily.
The leopard gecko bites you.
You die...

#.....###..#.....#.#
#......#.#.#.#..##
#.##)#..........>.#
#...?.#.##.###..#.#
##..##...#.# #..#.#
##.##.#.#.# #..#.#
.###...#.###..#.#
.#####........<#.#
........@..###.##.#
.#######l.### #.##.#
## #..# ##.##.# #..#
#.....# #..# #..####
#..# #..#
##..####..## ##.#
#..........#####
##.#
##..####........


You could see a leopard gecko.

Vanquished Creatures
  A worm (D:1)
  A dart slug (D:2)
  A bat (D:2)
  2 giant cockroaches (D:1)
  2 goblins
  4 hobgoblins
  2 quokkas (D:2)
  7 kobolds
  2 rats
22 creatures vanquished.

Notes
Turn   | Place    | Note
-------+----------+-------------------------------------------
     0 | D:1      | Espgualade the Tengu Ice Elementalist began the quest for
                  | the Orb.
     0 | D:1      | Reached XP level 1. HP: 10/10 MP: 4/4
    46 | D:1      | Reached skill level 3 in Ice Magic
   217 | D:1      | Reached XP level 2. HP: 15/15 MP: 6/6
   479 | D:1      | Learned a level 2 spell: Throw Frost
   694 | D:2      | Found a shimmering altar of Xom.
   760 | D:2      | Reached XP level 3. HP: 19/19 MP: 4/7
  1074 | D:2      | Slain by a leopard gecko

Levels and vault maps discovered:
D:1:      lightli_arrival_chessboard, layout_rooms, hangedman_glass_garden
D:2:      layout_loops_ring, kennysheep_cross_room, st_stairs_9,
          minmay_misc_feat_tiny, xom_teletrap_fun

Skill      XL: |  1 |
---------------+----+-----
Ice Magic      | 3 |  3.8
Dodging        | |  2.1
Stealth        | |  2.0
Spellcasting   | |  2.0
Conjurations   | |  1.3

Action                   || total
-------------------------++-------
Melee: Mace              ||    59
       Kick              ||    12
       Peck              ||     4
 Cast: Freeze            ||    18
  Use: Potion            ||     3
 Stab: Sleeping          ||     2
  Eat: Chunk             ||     1
Armor: Robe              ||    16
Dodge: Dodged            ||    53

Table legend:
 A = Non-vault XP
 B = Vault XP
 C = Vault XP percentage of total XP
 D = Non-vault monster count
 E = Vault monster count
 F = Vault count percentage of total count
                 A         B        C        D         E       F
            +---------+---------+-------+---------+---------+-------
      Total |      40 |       4 |   9.1 |      19 |       3 |  13.6
            +---------+---------+-------+---------+---------+-------
        D:1 |      22 |       0 |   0.0 |      11 |       0 |   0.0
        D:2 |      18 |       4 |  18.2 |       8 |       3 |  27.3
            +---------+---------+-------+---------+---------+-------
